 Dungeon Crawl Stone Soup version 0.17-a0-1842-gacc33f2 (webtiles) character file.

122 DizzySkin the Sneak (level 4, 0/21 HPs)
             Began as a Spriggan Enchanter on Sept 18, 2015.
             Slain by a worm (12 damage)
             ... on level 3 of the Dungeon.
             The game lasted 00:11:20 (2979 turns).

DizzySkin the Sneak (Spriggan Enchanter)            Turns: 2979, Time: 00:11:20

Health: 0/21       AC:  4    Str:  4    XL:     4   Next: 78%
Magic:  16/18      EV: 18    Int: 16    God:
Gold:   152        SH:  0    Dex: 17    Spells: 3 memorised, 2 levels left

rFire  . . .     SeeInvis +     a - +1 dagger
rCold  . . .     Clarity  .     b - +1 robe
rNeg   . . .     SustAt   .     (shield restricted)
rPois  .         Gourm    .     (helmet restricted)
rElec  .         Spirit   .     e - +0 cloak
rCorr  .         Warding  .     (gloves unavailable)
rMut   .         Stasis   .     (boots unavailable)
MR     .....                    (no amulet)
Stlth  +++.......               (no ring)
                                l - ring of magical power

@: very slightly contaminated, very quick, not resistant to hostile
enchantments, fairly stealthy
A: unfitting armour, see invisible, herbivore 3, speed 3, slow metabolism 2
a: no special abilities


You were on level 3 of the Dungeon.
You were not hungry.

You visited 1 branch of the dungeon, and saw 3 of its levels.

You collected 152 gold pieces.

Inventory:

Hand weapons
 a - a +1 dagger (weapon)
 s - a +1 trident of freezing
 u - a +0 hunting sling
 v - a cursed -3 hunting sling
Missiles
 j - 141 stones
 m - 8 tomahawks (quivered)
 n - 6 needles of sleeping
Armour
 b - a +1 robe (worn)
 e - a +0 cloak (worn)
Jewellery
 l - a ring of magical power (left hand)
 o - a +4 ring of evasion {unknown}
Scrolls
 f - a scroll of noise
 g - a scroll of random uselessness
 t - a scroll of blinking {unknown}
 w - a scroll of immolation {unknown}
 y - a scroll of teleportation {unknown}
 z - a scroll of identify
Potions
 h - 2 potions of lignification {unknown}
 i - 2 potions of haste {unknown}
 k - 2 potions of agility {unknown}
 p - 3 potions of flight {unknown}
 q - a potion of poison {unknown}
 r - a potion of heal wounds {unknown}
 x - a potion of curing {unknown}
Books
 c - a book of Maledictions

   Spells                             Type                      Level
   a - Corona                         Hexes                        1
   b - Ensorcelled Hibernation        Hexes/Ice                    2
   c - Confuse                        Hexes                        3
   d - Tukima's Dance                 Hexes                        3
   e - Dazzling Spray                 Conjuration/Hexes            3
Comestibles
 d - 4 bread rations


   Skills:
 - Level 2.5 Short Blades
 - Level 3.0 Dodging
 - Level 5.4 Stealth
 - Level 2.6 Spellcasting
 * Level 1.8 Conjurations
 - Level 4.1 Hexes
 + Level 0.8 Ice Magic


You had 2 spell levels left.
You knew the following spells:

 Your Spells              Type           Power        Failure   Level  Hunger
a - Corona                Hex            ###....      4%          1    #......
b - Dazzling Spray        Conj/Hex       ##......     17%         3    ###....
c - Ensorcelled Hibernat  Hex/Ice        ##....       12%         2    ##.....


Dungeon Overview and Level Annotations

Branches:
Dungeon (3/15)

Altars:
Okawaru

Annotations:
D:3 Grinder


Innate Abilities, Weirdness & Mutations

You are tiny and cannot use many weapons and most armour.
You have supernaturally acute eyesight.
You are a herbivore.
You cover ground extremely quickly.
You need consume almost no food.


Message History

Confirm with . or Enter, or press ? or * to list all spells.
Aiming: Corona
Press: ? - help, Shift-Dir - straight line, f - worm
Aim: a worm (severely wounded, chance to defeat MR: 61%)
You miscast Corona.
You are very lightly contaminated with residual magic.
Nothing appears to happen.
The worm misses you.
You hit the worm.
The worm is severely wounded.
Casting: Corona
Confirm with . or Enter, or press ? or * to list all spells.
Aiming: Corona
Press: ? - help, Shift-Dir - straight line, f/p - worm
Aim: a worm (severely wounded, chance to defeat MR: 61%)
The worm is outlined in light.
The worm closely misses you.
You hit the worm.
The worm is almost dead.
The worm bites you!
Ouch! That really hurt!
You die...

##'†####.# #.#....#
#.... .......###
#......# #....
........## #.#......
##### .........##
#......###
..........## #######.#
...........## .....
............###..# #
............#....##..#
.#..#.......#...@w...#
..##........'....##..#
..##........'.#..# #
.#..#.......#<....#
............###.....
............# #.##...
...........## #.# $.#.
..........## #.# .#.
.........##


You could see a worm.

Vanquished Creatures
  Ijyb (D:2)
  2 adders
  2 worms
  3 giant geckos
  An orc (D:3)
  A ball python (D:2)
  6 giant cockroaches
  9 goblins
  4 hobgoblins
  13 jackals
  6 bats
  4 giant newts
  5 kobolds
  5 rats
62 creatures vanquished.

Notes
Turn   | Place    | Note
--------------------------------------------------------------
     0 | D:1      | DizzySkin the Spriggan Enchanter began the quest for the Orb.
     0 | D:1      | Reached XP level 1. HP: 9/9 MP: 5/5
    82 | D:1      | Reached XP level 2. HP: 8/13 MP: 4/6
   153 | D:1      | Reached skill level 5 in Stealth
   572 | D:1      | Reached XP level 3. HP: 16/16 MP: 8/8
  1074 | D:2      | Learned a level 3 spell: Dazzling Spray
  1077 | D:2      | Learned a level 2 spell: Ensorcelled Hibernation
  1237 | D:2      | Found an iron altar of Okawaru.
  1671 | D:2      | Reached skill level 1 in Conjurations
  1831 | D:2      | Noticed Ijyb
  2172 | D:2      | Killed Ijyb
  2172 | D:2      | Reached XP level 4. HP: 11/21 MP: 9/9
  2915 | D:3      | Noticed Grinder
  2979 | D:3      | Slain by a worm

Vault maps used:
D:1:      zelgadis_glass_arrival_small, minmay_unequal
D:2:      kennysheep_goblin_castle, first_bread, okawaru_metal_pillars_3
D:3:      kennysheep_big_flooded_room, minmay_misc_feat_diagonals, uniq_robin,
          uniq_grinder, uniq_crazy_yiuf_cottage

Action                   |  1- 3 |  4- 6 || total
-------------------------+-------+-------++-------
Melee: Dagger            |   217 |    73 ||   290
Throw: Tomahawk          |     5 |    16 ||    21
       Stone             |     1 |     2 ||     3
 Cast: Corona            |    11 |     6 ||    17
  Use: Scroll            |     3 |       ||     3
 Stab: Sleeping          |     9 |     4 ||    13
       Distracted        |     1 |       ||     1
